AoeStats
← Simonfrnz

Arena

508968247Analyzed
2v2 RM · 9d ago on Sep 24, 2026· 43m 44s· 4 players
Game mode
Random Map
Map size
Medium (4 player)
Population
200
Speed
Normal
Resources
Standard
Victory
Conquest
Starting age
Dark Age
Ending age
Imperial Age
RankedLock teamsTeams togetherTeam positionsShared explorationLock speedFull tech treeHidden civsTurbo modeCheats
Victory
Defeat
🇳🇿 Byzantines · New Zealand
1017
+16
🇵🇸 Berbers · Palestinian Territories
1011
+16
🇦🇷 Cumans · Argentina
1050
-17
🇲🇽 Hindustanis · Mexico
983
-15
Firas
11:43 Feudal Age
16:04 Castle Age
15:28 Horse Collar
16:15 Gold Mining
16:15 Stone Mining
23:58 Wheelbarrow
23:08 Loom
24:32 Double-Bit Axe
27:32 Hand Cart
27:02 Town Watch
31:22 Imperial Age
32:23 Husbandry
32:33 Bloodlines
32:53 Maghrebi Camels
32:37 Heavy Camel Rider
33:57 Forging
33:52 Scale Barding Armor
33:37 Fletching
33:47 Padded Archer Armor
33:51 Elite Camel Archer
36:10 Heavy Plow
36:22 Bow Saw
36:55 Iron Casting
36:40 Chain Barding Armor
38:25 Chemistry
37:48 Ballistics
41:34 Bodkin Arrow
44:07 Bracer
44:22 Leather Archer Armor
45:07 Blast Furnace
44:28 Chain Barding Armor
Simonfrnz
6:04 Loom
11:12 Feudal Age
15:19 Castle Age
13:28 Double-Bit Axe
13:52 Horse Collar
18:19 Bow Saw
22:06 Heavy Plow
22:48 Wheelbarrow
28:17 Imperial Age
25:55 Pikeman
27:39 Forging
27:29 Scale Mail Armor
27:51 Gold Mining
28:57 Hand Cart
29:46 Iron Casting
30:41 Conscription
30:35 Fletching
32:33 Halberdier
33:14 Squires
34:34 Elite Varangian Guard
36:12 Arson
37:29 Chain Mail Armor
39:56 Scale Barding Armor
40:39 Crop Rotation
40:52 Husbandry
43:34 Two-Man Saw
Legatus
9:55 Feudal Age
10:30 Double-Bit Axe
15:56 Castle Age
15:04 Horse Collar
17:15 Gold Mining
20:57 Bow Saw
23:14 Wheelbarrow
26:19 Heavy Plow
29:33 Imperial Age
28:19 Ballistics
28:52 Scale Barding Armor
30:01 Elite Skirmisher
30:05 Siege Elephant
31:09 Pikeman
32:22 Murder Holes
32:40 Husbandry
33:27 Bloodlines
33:57 Gold Shaft Mining
34:27 Conscription
35:07 Hand Cart
35:05 Forging
35:18 Heavy Camel Rider
37:27 Iron Casting
38:48 Fletching
40:41 Blast Furnace
41:00 Grand Trunk Road
40:26 Light Cavalry
40:32 Imperial Camel Rider
el Tucán
8:17 Loom
10:08 Feudal Age
10:25 Loom
11:17 Double-Bit Axe
17:29 Castle Age
22:19 Bloodlines
22:16 Scale Barding Armor
23:24 Chain Barding Armor
26:30 Horse Collar
27:51 Steppe Husbandry
32:06 Imperial Age
32:07 Masonry
33:31 Conscription
34:53 Fletching
35:39 Plate Barding Armor
35:50 Bodkin Arrow
37:23 Ballistics
38:34 Padded Archer Armor
38:29 Town Watch
40:00 Conscription
40:39 Leather Archer Armor
Connection lost

Rejoining the realm…

Still unreachable

The connection could not be restored.

Session expired

The server has moved on; the page needs a fresh start.